 Dungeon Crawl Stone Soup version 0.31-a0-182-gc5ef74bbde (webtiles) character file.

Game seed: 18186278534352388407

251 qw the Chopper (level 6, -5/39 HPs)
             Began as a Gargoyle Fighter on June 20, 2023.
             Slain by an ogre
             ... wielding a +0 giant spiked club
              (16 damage)
             ... on level 4 of the Dungeon.
             The game lasted 00:01:40 (2426 turns).

qw the Chopper (Gargoyle Fighter)                   Turns: 2426, Time: 00:01:41

Health: -5/39      AC: 18    Str: 22    XL:     6   Next: 13%
Magic:  6/6        EV:  6    Int:  8    God:
Gold:   175        SH:  4    Dex:  9    Spells: 5/5 levels left

rFire   . . .        Y - +0 war axe
rCold   . . .        c - +0 buckler
rNeg    + + .        k - +0 plate armour
rPois   inf          (no helmet)
rElec   +            m - +0 cloak
rCorr   .            b - +0 pair of gloves
SInv    .            (no boots)
Will    .....        j - amulet of regeneration Stlth
                     l - ring of positive energy
HPRegen 1.06/turn    (no ring)
MPRegen 0.10/turn

%: no passive effects
@: no status effects
A: sickness immunity, AC +4, negative energy resistance 1, electricity
resistance, torment resistance 1, petrification resistance
a: no special abilities


You were on level 4 of the Dungeon.
You visited 1 branch of the dungeon, and saw 4 of its levels.

You collected 175 gold pieces.


Innate Abilities, Weirdness & Mutations

You are immune to sickness and miasma.
Your stone body is resilient. (AC +4)
You are immune to poison.
You resist negative energy. (rN+)
You are resistant to electric shocks. (rElec)
You are resistant to unholy torment.
You are immune to petrification.


   Skills:
 - Level 4.3 Fighting
 + Level 5.1 Axes
 - Level 3.2 Armour
 - Level 3.2 Shields


You had 5 spell levels left.
You didn't know any spells.
Your spell library was empty.

Inventory:

Hand Weapons
 o - a +0 flail
 Y - a +0 war axe (weapon)
Missiles
 a - 4 boomerangs (quivered)
Armour
 b - a +0 pair of gloves (worn)
 c - a +0 buckler (worn)
 k - a +0 plate armour (worn)
 m - a +0 cloak (worn)
Jewellery
 j - an amulet of regeneration (around neck)
 l - a ring of positive energy (left hand)
Scrolls
 f - a scroll of identify
Potions
 d - 2 potions of might
 e - a potion of haste
 h - a potion of attraction {unknown}
 i - a potion of lignification {unknown}
 n - a potion of curing

Dungeon Overview and Level Annotations

Branches:
Dungeon (4/15)
 Temple: D:4-7

Altars:
Ru

Annotations:
D:3 2 transporters, qw's ghost, amateur GrFi
D:4 2 transporters, qw's ghost, amateur NaHu


Message History

Enter note: You open the door.
There is an open door here.
You open the door.
Found an escape hatch in the ceiling.
There is an open door here.
Enter note: You open the door.
Found 4 large rocks.
There is an open door here.
Enter note:
Found a stone staircase leading down.
Enter note:
There is a stone staircase leading down here.
An ogre comes into view. It is wielding a +0 giant spiked club.
Enter note: You throw a boomerang.
The boomerang barely misses the ogre.
You throw a boomerang. The boomerang barely misses the ogre.
You throw a boomerang. The boomerang barely misses the ogre.
You slash the ogre!
The ogre is moderately wounded.
The ogre hits you with a +0 giant spiked club.
You hit the ogre but do no damage.
The ogre is moderately wounded.
The ogre hits you with a +0 giant spiked club.
You barely miss the ogre.
The ogre is moderately wounded.
The ogre hits you with a +0 giant spiked club!
You barely miss the ogre.
The ogre is moderately wounded.
You slash the ogre!
The ogre is severely wounded.
The ogre hits you with a +0 giant spiked club.
You hit the ogre.
The ogre is almost dead.
The ogre hits you with a +0 giant spiked club!
You barely miss the ogre.
The ogre is almost dead.
The ogre hits you with a +0 giant spiked club!
You die...

#.......# ##...#.#
#.......# ##......#
###.......######...#.###
..'.......+........#>#
###.......####....##.#
#........##(...##..####
#........#....##......#
######...#...##....##.#
#...'..##@....# #
#...####.O..#....# #...#
#^...####### #...#
#..$.# #...# .....#
###.##.....# #.#####.##
#.# #.#


You could see an ogre.

Vanquished Creatures
  Natasha (thrice) (D:3)
  An orc wizard (D:3)
  A gnoll (D:1)
  5 adders
  3 worms (D:3)
  4 orcs (D:3)
  11 ball pythons
  8 bats
  5 endoplasms
  4 giant cockroaches
  5 goblins
  9 hobgoblins
  10 kobolds
  5 quokkas
  2 frilled lizards (D:1)
  6 rats
82 creatures vanquished.

Notes
Turn   | Place    | Note
-------+----------+-------------------------------------------
     0 | D:1      | qw the Gargoyle Fighter began the quest for the Orb.
     0 | D:1      | Reached XP level 1. HP: 14/14 MP: 1/1
     0 | D:1      | 0 ||| qw: Version: 0.3-a-9-g12657ce
     0 | D:1      | 0 ||| qw: Game counter: 1490
     0 | D:1      | 0 ||| qw: Always use a shield: true
     0 | D:1      | 0 ||| qw: God list: Okawaru
     0 | D:1      | 0 ||| qw: Allow faded altars: false
     0 | D:1      | 0 ||| qw: Do Orc after D:15 true
     0 | D:1      | 0 ||| qw: Do second Lair branch before Depths: true
     0 | D:1      | 0 ||| qw: Lair rune preference: random
     0 | D:1      | 0 ||| qw: Plans: Normal, Zot:1-4, Slime:5, God:TSO, Crypt,
                  | Tomb, Abyss, Pan, Hells, Win
     0 | D:1      | 0 ||| PLANNING D:1-11
    40 | D:1      | Reached skill level 2 in Axes
   118 | D:1      | Reached XP level 2. HP: 19/19 MP: 2/2
   243 | D:1      | 243 ||| Stepping ~*~*~tactically~*~*~ (hiding).
   336 | D:1      | Found a faded altar of an unknown god.
   396 | D:1      | 396 ||| Stepping ~*~*~tactically~*~*~ (stealth).
   397 | D:1      | 397 ||| Stepping ~*~*~tactically~*~*~ (stealth).
   418 | D:1      | Reached skill level 3 in Axes
   422 | D:1      | 422 ||| Stepping ~*~*~tactically~*~*~ (stealth).
   424 | D:1      | 424 ||| Stepping ~*~*~tactically~*~*~ (stealth).
   426 | D:1      | 426 ||| Stepping ~*~*~tactically~*~*~ (stealth).
   434 | D:1      | Reached XP level 3. HP: 23/23 MP: 3/3
   767 | D:1      | 767 ||| DROPPING +0 mace.
   768 | D:1      | 768 ||| UPGRADING to +0 plate armour.
   778 | D:1      | 778 ||| DROPPING +0 scale mail.
   779 | D:1      | 779 ||| UPGRADING to ring of positive energy.
   780 | D:1      | 780 ||| READING scroll labelled PASECH DUSH.
   781 | D:1      | 781 ||| READING 2 scrolls labelled PIEPTOINTA.
   782 | D:1      | 782 ||| READING scroll labelled KIAPOL TEPRUOH.
   783 | D:1      | 783 ||| READING scroll labelled USSENI ZIZEQU.
   864 | D:2      | 864 ||| Stepping ~*~*~tactically~*~*~ (stealth).
   876 | D:2      | Reached XP level 4. HP: 27/28 MP: 4/4
   928 | D:2      | 928 ||| Stepping ~*~*~tactically~*~*~ (hiding).
   929 | D:2      | 929 ||| Stepping ~*~*~tactically~*~*~ (hiding).
  1173 | D:2      | Found a sacrificial altar of Ru.
  1445 | D:2      | 1445 ||| UPGRADING to amulet of regeneration.
  1450 | D:2      | 1450 ||| DROPPING ring of magical power.
  1451 | D:2      | 1451 ||| READING scroll labelled REGING HAFYN.
  1455 | D:2      | 1455 ||| READING scroll labelled LIGEMM VIZAS.
  1456 | D:2      | 1456 ||| DRINKING 3 puce potions.
  1457 | D:2      | 1457 ||| READING 3 scrolls of identify.
  1457 | D:2      | 1457 ||| IDENTIFYING viscous sapphire potion
  1458 | D:2      | 1458 ||| READING 2 scrolls of identify.
  1458 | D:2      | 1458 ||| IDENTIFYING bubbling cyan potion
  1459 | D:2      | 1459 ||| DROPPING potion of ambrosia.
  1499 | D:3      | 1499 ||| Stepping ~*~*~tactically~*~*~ (stealth).
  1510 | D:3      | Reached skill level 4 in Axes
  1553 | D:3      | 1553 ||| Stepping ~*~*~tactically~*~*~ (stealth).
  1781 | D:3      | Found a transporter.
  1783 | D:3      | Found a transporter.
  1783 | D:3      | Identified the +6 great mace "Veskoosa" {drain, rElec rPois
                  | rF- MP+9}
  1783 | D:3      | Noticed an ogre
  1783 | D:3      | Noticed qw's ghost (amateur GrFi)
  1784 | D:3      | Noticed an ogre
  1804 | D:3      | Noticed Natasha
  1805 | D:3      | 1805 ||| Stepping ~*~*~tactically~*~*~ (hiding).
  1812 | D:3      | Killed Natasha
  1813 | D:3      | Reached XP level 5. HP: 29/32 MP: 5/5
  1902 | D:3      | 1902 ||| Stepping ~*~*~tactically~*~*~ (hiding).
  1919 | D:3      | Noticed Natasha
  1920 | D:3      | 1920 ||| Stepping ~*~*~tactically~*~*~ (stealth).
  1929 | D:3      | 1929 ||| Stepping ~*~*~tactically~*~*~ (stealth).
  1935 | D:3      | 1935 ||| Stepping ~*~*~tactically~*~*~ (hiding).
  1940 | D:3      | Killed Natasha
  1941 | D:3      | Reached skill level 5 in Axes
  1943 | D:3      | 1943 ||| Stepping ~*~*~tactically~*~*~ (stealth).
  2024 | D:3      | 2024 ||| DRINKING 2 potions of curing.
  2024 | D:3      | 2024 ||| (to cure confusion)
  2125 | D:3      | 2125 ||| Stepping ~*~*~tactically~*~*~ (stealth).
  2213 | D:3      | Noticed Natasha
  2222 | D:3      | Killed Natasha
  2223 | D:3      | Reached XP level 6. HP: 26/39 MP: 6/6
  2254 | D:3      | 2254 ||| UPGRADING to +0 pair of gloves.
  2259 | D:3      | 2259 ||| UPGRADING to +0 cloak.
  2264 | D:3      | 2264 ||| READING scroll labelled RONKICHO EPUE.
  2287 | D:4      | Found a transporter.
  2288 | D:4      | Noticed qw's ghost (amateur NaHu)
  2317 | D:4      | Found a transporter.
  2426 | D:4      | Slain by an ogre

Levels and vault maps discovered:
D:1:      heliophobic_arrival_dark_side_of_the_moon, layout_loops_ring,
          basic_ecumenical_altar, minmay_tiny_reverse_x
D:2:      layout_rooms, basic_altar, chequers_serial_rivers_room_a,
          kennysheep_big_empty_room
D:3:      layout_loops_ring, gammafunk_ghost_smash, uniq_natasha
D:4:      layout_basic, minmay_temple_entry_waves, gammafunk_ghost_arena,
          nrook_mini_backslash, grunt_decor_clamped

Skill      XL: |  1  2  3  4  5 |
---------------+----------------+-----
Axes           | 2 3 4 5 |  5.1
Fighting       | 4 |  4.3
Armour         | |  3.2
Shields        | |  3.2

Action                     |  1- 3 |  4- 6 || total
---------------------------+-------+-------++-------
  Melee: War axe           |   106 |   158 ||   264
  Throw: Boomerang         |       |    44 ||    44
    Use: Scroll            |     4 |     5 ||     9
         Potion            |       |     2 ||     2
 Armour: Scale mail        |    47 |       ||    47
         Plate armour      |    14 |   109 ||   123
  Dodge: Dodged            |    44 |    42 ||    86
  Block: Buckler           |    19 |    23 ||    42

Table legend:
 A = Non-vault XP
 B = Vault XP
 C = Vault XP percentage of total XP
 D = Non-vault monster count
 E = Vault monster count
 F = Vault count percentage of total count
                 A         B        C        D         E       F
            +---------+---------+-------+---------+---------+-------
      Total |     320 |      39 |  10.9 |      79 |       3 |   3.7
            +---------+---------+-------+---------+---------+-------
        D:1 |      59 |       3 |   4.8 |      29 |       2 |   6.5
        D:2 |      35 |       0 |   0.0 |      14 |       0 |   0.0
        D:3 |     221 |      36 |  14.0 |      33 |       1 |   2.9
        D:4 |       5 |       0 |   0.0 |       3 |       0 |   0.0
            +---------+---------+-------+---------+---------+-------
